 Dungeon Crawl Stone Soup version 0.29-a0-219-g0a02b1cf4f (webtiles) character file.

Game seed: 6967724577044950868

1648 Hasart the Shooter (level 8, -1/66 HPs)
             Began as a Demigod Arcane Marksman on Feb 26, 2022.
             Succumbed to a killer bee's poison
             ... on level 5 of the Dungeon.
             The game lasted 00:12:14 (6307 turns).

Hasart the Shooter (Demigod Arcane Marksman)        Turns: 6307, Time: 00:12:14

Health: -1/66      AC:  8    Str:  8 (11) XL:     8   Next: 40%
Magic:  12/12      EV: 16    Int: 13 (15) God:
Gold:   225        SH:  0    Dex: 23 (24) Spells: 8/9 levels left

rFire   . . .      SeeInvis .   a - +0 shortbow
rCold   . . .      Faith    .   (shield currently unavailable)
rNeg    . . .      Spirit   .   s - +0 ring mail "Cijo" {rElec rCorr Dex+2}
rPois   .          Reflect  .   i - +0 helmet
rElec   +          Harm     .   (no cloak)
rCorr   +          Rampage  .   (no gloves)
Will    .....                   (no boots)
Stlth   +++.......              (no amulet)
HPRegen 0.21/turn               l - +4 ring of evasion
MPRegen 0.13/turn               (no ring)

@: mighty, lethally poisoned (-1 -> -5), flying
A: high MP 1, forlorn, divine attributes, iridescent scales 1, devolution 1
a: no special abilities


You were on level 5 of the Dungeon.
You visited 1 branch of the dungeon, and saw 6 of its levels.

You collected 225 gold pieces.

Inventory:

Hand Weapons
 a - a +0 shortbow (weapon)
Armour
 b - a +0 robe
 i - a +0 helmet (worn)
 s - the +0 ring mail "Cijo" (worn) {rElec rCorr Dex+2}
   (You found it on level 4 of the Dungeon)

   Dex:       It affects your dexterity (+2).
   rElec:     It insulates you from electricity.
   rCorr:     It protects you from acid and corrosion.
Jewellery
 l - a +4 ring of evasion (left hand)
Wands
 u - a wand of mindburst (13)
Scrolls
 c - 2 scrolls of teleportation
 d - a scroll of fear {unknown}
 g - 3 scrolls of identify {unknown}
 h - 2 scrolls of silence {unknown}
 k - 2 scrolls of immolation {unknown}
 n - a scroll of enchant weapon {unknown}
 p - a scroll of enchant armour {unknown}
 r - a scroll of magic mapping {unknown}
Potions
 e - a potion of mutation
 j - a potion of heal wounds {unknown}
 o - a potion of lignification {unknown}
 q - a potion of flight
 t - a potion of attraction {unknown}
 v - a potion of degeneration


   Skills:
 + Level 4.1 Fighting
 * Level 6.4 Bows
 + Level 4.5 Dodging
 + Level 4.4 Stealth
 - Level 1.0 Spellcasting
 + Level 4.1 Hexes


You had 8 spell levels left.
You knew the following spells:

 Your Spells              Type           Power      Damage    Failure   Level
a - Slow                  Hex            44%        N/A       16%         1

Your spell library contained the following spells:

 Spells                   Type           Power      Damage    Failure   Level
 Ensorcelled Hibernation  Hex/Ice        12%        N/A       50%         2
 Inner Flame              Hex/Fire       6%         N/A       75%         3
 Portal Projectile        Hex/Tloc       12%        N/A       75%         3
 Cause Fear               Hex            5%         N/A       85%         4
 Spider Form              Tmut/Pois      0%         N/A       95%         3
 Anguish                  Hex/Necr       3%         N/A       98%         4


Dungeon Overview and Level Annotations

Branches:
Dungeon (6/15)
 Temple: D:4-7

Portals:
Abyss: D:3

Annotations:
D:3 2 transporters, 3 runed translucent doors, Hasart's ghost, amateur FoFi; manifold's ghost, amateur OgBe
D:6 3 runed translucent doors, mopl's ghost, novice OpDe


Innate Abilities, Weirdness & Mutations

You have an increased reservoir of magic. (+10% MP)
You shall have no god before yourself.
Your divine heritage dramatically boosts your attributes as you level up.
You are partially covered in iridescent scales. (AC +2)
You have hidden genetic defects.


Message History

The killer bee stings you but does no damage.
Unknown command.
It was a potion of curing.
You feel better. The killer bee misses you.
The killer bee completely misses you.
Shoot: a) +0 shortbow
Press: ? - help, Q - select action, (/) - cycle Shift-Dir - straight line, f/p - killer bee
Aim: a killer bee (lightly wounded, 45% to hit)
You shoot an arrow. The arrow misses the killer bee.
The killer bee stings you.
* * * LOW HITPOINT WARNING * * *
The killer bee barely misses you. The killer bee misses you.
Shoot: a) +0 shortbow
Press: ? - help, Q - select action, (/) - cycle Shift-Dir - straight line, f/p - killer bee
Aim: a killer bee (lightly wounded, 45% to hit)
You shoot an arrow. The arrow hits the killer bee.
The killer bee is lightly wounded.
The killer bee misses you. The killer bee stings you.
* * * LOW HITPOINT WARNING * * *
Shoot: a) +0 shortbow
Press: ? - help, Q - select action, (/) - cycle Shift-Dir - straight line, f/p - killer bee
Aim: a killer bee (lightly wounded, 45% to hit)
You shoot an arrow.
The arrow closely misses the killer bee.
The killer bee closely misses you. x2; The killer bee stings you.
* * * LOW HITPOINT WARNING * * *
You are lethally poisoned!
The killer bee poisons you!
Shoot: a) +0 shortbow
Press: ? - help, Q - select action, (/) - cycle Shift-Dir - straight line, f/p - killer bee
Aim: a killer bee (lightly wounded, 45% to hit)
You shoot an arrow. The arrow misses the killer bee.
* * * LOW HITPOINT WARNING * * *
You feel sick. The killer bee closely misses you.
The killer bee completely misses you. x2
Shoot: a) +0 shortbow
Press: ? - help, Q - select action, (/) - cycle Shift-Dir - straight line, f/p - killer bee
Aim: a killer bee (lightly wounded, 45% to hit)
You shoot an arrow. The arrow hits the killer bee.
The killer bee is heavily wounded.
You die...

#.....####.##..#.....#.
###..#..# #..##..#....##.
#....#.####.......#......
#...............####'####
#....##..##....###.....##
####...##......# #.._..#
#...#.).....# #.....#
##..#.......#########
###[)@.......# .?.
###....y.......###..? ##
#.........>.....##### #.
##.........#.....#### #.
#...##....##..##....####.
#..#...#####.##..#..#....
###......#......##...##....
#..##...##.....###......#..
#...#...###....#.......##..


You could see a killer bee.

Vanquished Creatures
  Menkaure (D:4)
  A water moccasin (D:5)
  2 ice beasts
  2 sky beasts
  2 necrophages (D:4)
  2 ogres
  A phantom (D:5)
  A scorpion (D:5)
  A howler monkey (D:5)
  3 hounds
  A gnoll shaman (D:4)
  2 jellies (D:3)
  An iguana (D:6)
  4 gnolls
  13 adders
  A shadow imp (D:5)
  An ufetubus (D:5)
  An adder zombie (D:3)
  2 worms
  5 dart slugs
  18 orcs
  2 bat zombies (D:4)
  15 endoplasms
  4 giant cockroaches
  7 hobgoblins
  3 jackals (D:3)
  14 kobolds
  5 quokkas
  8 ball pythons
  A ball python zombie (D:3)
  4 bats
  8 frilled lizards
  7 goblins
  5 rats
  5 rat zombies (D:4)
153 creatures vanquished.

Vanquished Creatures (others)
  8 fungi (D:3)
  5 plants (D:4)
  7 toadstools (D:3)
20 creatures vanquished.

Grand Total: 173 creatures vanquished

Notes
Turn   | Place    | Note
-------+----------+-------------------------------------------
     0 | D:1      | Hasart the Demigod Arcane Marksman began the quest for the
                  | Orb.
     0 | D:1      | Reached XP level 1. HP: 15/15 MP: 4/4
    12 | D:1      | Reached skill level 1 in Fighting
    81 | D:1      | Reached skill level 2 in Bows
   167 | D:1      | Reached XP level 2. HP: 22/23 MP: 5/5
   877 | D:2      | Reached skill level 1 in Stealth
   877 | D:2      | Reached XP level 3. HP: 12/28 MP: 2/6
  2286 | D:2      | Reached XP level 4. HP: 30/36 MP: 8/8
  2458 | D:3      | Reached skill level 3 in Bows
  2512 | D:3      | Found a transporter.
  2600 | D:3      | Found a one-way gate to the infinite horrors of the Abyss.
  2612 | D:3      | Found a transporter.
  2701 | D:3      | Found a runed translucent gate.
  2701 | D:3      | Found a runed translucent gate.
  2701 | D:3      | Found a runed translucent gate.
  2701 | D:3      | Noticed manifold's ghost (amateur OgBe)
  2971 | D:3      | Reached XP level 5. HP: 33/41 MP: 9/9
  3192 | D:3      | Noticed an ice beast
  3498 | D:4      | Noticed a necrophage
  3525 | D:4      | Killed a necrophage
  3526 | D:4      | Reached skill level 4 in Bows
  3550 | D:4      | Reached XP level 6. HP: 28/49 MP: 8/10
  3721 | D:4      | Noticed Menkaure
  3759 | D:4      | Killed Menkaure
  4087 | D:4      | You fall into a shaft and drop 2 floors!
  4090 | D:6      | Noticed mopl's ghost (novice OpDe)
  4113 | D:6      | Found a runed translucent gate.
  4113 | D:6      | Found a runed translucent gate.
  4113 | D:6      | Found a runed translucent gate.
  4113 | D:6      | Noticed a boulder beetle
  4114 | D:6      | Noticed a shadow
  4136 | D:5      | Entered Level 5 of the Dungeon
  4238 | D:5      | Reached XP level 7. HP: 57/57 MP: 11/11
  4299 | D:4      | Reached skill level 5 in Bows
  4568 | D:4      | Identified the +0 ring mail "Cijo" {rElec rCorr Dex+2}
  5212 | D:3      | Noticed Hasart's ghost (amateur FoFi)
  5370 | D:5      | Noticed a two-headed ogre
  5902 | D:5      | Reached XP level 8. HP: 66/66 MP: 12/12
  6045 | D:5      | Reached skill level 6 in Bows
  6298 | D:5      | Gained mutation: You have hidden genetic defects. [potion
                  | of mutation]
  6298 | D:5      | Gained mutation: You are partially covered in iridescent
                  | scales. (AC +2) [potion of mutation]
  6304 | D:5      | HP: 3/66 [killer bee (6)]
  6306 | D:5      | HP: 1/66 [poisoned by a killer bee]
  6307 | D:5      | Succumbed to a killer bee's poison

Illustrated notes

Levels and vault maps discovered:
D:1:      dpeg_arrival_simpleton_c, layout_basic,
          dreamdust_ecumenical_altar_angels_and_demons
D:2:      minmay_skewed_foursquare, layout_basic, serial_co_window_serial,
          co_window_paths_b, co_window_corner_a, co_window_paths_b,
          co_window_paths_b, co_window_paths_a, co_window_broadway_a,
          co_window_of_opportunity_b, co_window_corner_b, co_window_broadway_a,
          co_window_corner_b, glass_columns_a, glass_columns_c, glass_columns_b
D:3:      cheibrodos_fertilizer, layout_rooms,
          mainiacjoe_overflow_six_doors_small, nicolae_yredelemnul_ghost_church,
          gammafunk_ghost_abyssal_escape
D:4:      layout_loops_ring, mainiacjoe_overflow_brackets,
          lemuel_zombie_altar_kikubaaqudgha, mainiacjoe_overflow_chevrons,
          uniq_menkaure
D:5:      layout_cave_pools, zin_scriptorium, nemelex_diamond_rough_becter
D:6:      layout_rooms, nicolae_wu_jian_wuxing_cycle, gammafunk_ghost_split,
          kb_rosetta

Skill      XL: |  1  2  3  4  5  6  7  8 |
---------------+-------------------------+-----
Fighting       | 1 2 3 4 |  4.1
Bows           | 2 3 4 5 6 |  6.4
Dodging        | 2 3 4 |  4.5
Stealth        | 1 2 3 4 |  4.4
Hexes          | 3 4 |  4.1
Spellcasting   | |  1.0

Action                   |  1- 3 |  4- 6 |  7- 9 || total
-------------------------+-------+-------+-------++-------
 Fire: Shortbow          |   114 |   243 |   213 ||   570
 Cast: Slow              |     8 |     9 |     2 ||    19
  Use: Scroll            |       |     1 |       ||     1
       Potion            |       |       |     5 ||     5
Armor: Robe              |     7 |    23 |       ||    30
       Ring mail         |       |       |    44 ||    44
Dodge: Dodged            |    41 |   140 |   157 ||   338

Table legend: (Time is in decaauts)
 A = Elapsed time spent in this place.
 B = Non-inter-level travel time spent in this place.
 C = Inter-level travel time spent in this place.
 D = Time resting spent in this place.
 E = Time spent auto-exploring this place.
 F = Levels seen in this place.
 G = Mean time per level.
                   A        B        C        D        E       F      G
               +--------+--------+--------+--------+--------+-----+--------+
         Total |   6509 |   6276 |    233 |   1121 |   3849 |   6 | 1084.8 |
       Dungeon |   6509 |   6276 |    233 |   1121 |   3849 |   6 | 1084.8 |
               +--------+--------+--------+--------+--------+-----+--------+

Top non-repeatable levels by time:
     D:4: 1900 daAuts
     D:2: 1830 daAuts
     D:3: 1226 daAuts
     D:5: 762 daAuts
     D:1: 630 daAuts
     D:6: 158 daAuts
